 Dungeon Crawl Stone Soup version 0.20-a0-795-ga03948b (webtiles) character file.

63 Alarkh the Slasher (level 3, 0/29 HPs)
             Began as a Demonspawn Monk on Mar 2, 2017.
             Slain by an adder (1 damage)
             ... on level 3 of the Dungeon.
             The game lasted 00:01:48 (2621 turns).

Alarkh the Slasher (Demonspawn Monk)                Turns: 2621, Time: 00:01:49

Health: 0/29       AC:  2    Str: 16    XL:     3   Next: 89%
Magic:  3/3        EV: 13    Int: 12    God:
Gold:   53         SH:  0    Dex: 15    Spells: 2/2 levels left

rFire    . . .     SeeInvis .   b - +2 dagger (venom)
rCold    . . .     Gourm    .   j - +0 robe
rNeg     . . .     Faith    .   (no shield)
rPois    .         Spirit   .   (no helmet)
rElec    .         Reflect  .   (no cloak)
rCorr    .         Harm     .   (no gloves)
MR       .....                  (no boots)
Stlth    ++........             (no amulet)
Regen    0.1/turn               (no ring)
MPRegen  0.1/turn               (no ring)

@: mighty
A: talons 1, spiny 1
a: no special abilities


You were on level 3 of the Dungeon.
You were not hungry.

You visited 1 branch of the dungeon, and saw 3 of its levels.

You collected 53 gold pieces.

Inventory:

Hand Weapons
 a - a +0 falchion
 b - a +2 dagger of venom (weapon)
Armour
 j - a +0 robe (worn)
Scrolls
 e - 2 scrolls of remove curse
 h - a scroll of fog
 p - a scroll of identify {unknown}
Potions
 d - a potion of might
 g - a potion of magic {unknown}
 i - a potion of mutation {unknown}
 k - a potion of heal wounds {unknown}
 m - 2 potions of curing {unknown}
 n - 2 potions of brilliance {unknown}
 o - a potion of degeneration {unknown}
Comestibles
 c - 2 bread rations
 f - 3 royal jellies
 l - 4 chunks of flesh


   Skills:
 + Level 3.3 Fighting
 * Level 3.8 Long Blades
 + Level 3.1 Dodging
 - Level 1.7 Stealth


You had 2 spell levels left.
You didn't know any spells.

Dungeon Overview and Level Annotations

Branches:
Dungeon (3/15)

Altars:
Elyvilon

Annotations:
D:3 Alarkh's ghost, amateur DsMo; Grinder


Innate Abilities, Weirdness & Mutations

You have sharp toenails.
You are partially covered in sharp spines.


Message History

You kill the orc!
The adder is struck by your spines. The adder bites you.
The ball python is struck by your spines.
The ball python bites you.
You are too injured to fight recklessly!
The kobold unwields an uncursed whip.
The kobold wields a blowgun.
The kobold shoots a poisoned needle.
The poisoned needle barely misses you. The bat is struck by your spines.
The bat hits you but does no damage. The bat closely misses you.
The bat is struck by your spines.
You kill the bat!
The adder is struck by your spines. The adder bites you.
The adder closely misses you. Grinder gestures at you.
Pain shoots through your body!
* * * LOW HITPOINT WARNING * * *
It was a potion of might.
You feel very mighty all of a sudden. The adder is struck by your spines.
The adder bites you.
You die...

#....# #(.......#
#....###.......#
#....##........+
######.##........##
#......##.(.(..>..#
##.##..##.........#
###......†5.K.$....#
#........SS........#
#######.##......@#####+#..
§§...............# #
§######..#......... §#
...#.......### §#
##.#######... §# .. ####
§# ### §# .#


You could see Grinder, an adder, a ball python and a kobold.

Vanquished Creatures
  An adder (D:2)
  3 dart slugs (D:1)
  A leopard gecko (D:3)
  An orc (D:3)
  2 ball pythons
  7 bats
  2 giant cockroaches (D:2)
  4 goblins
  7 hobgoblins
  2 frilled lizards
  4 kobolds
  12 rats
46 creatures vanquished.

Notes
Turn   | Place    | Note
-------+----------+-------------------------------------------
     0 | D:1      | Alarkh the Demonspawn Monk began the quest for the Orb.
     0 | D:1      | Reached XP level 1. HP: 18/18 MP: 1/1
   325 | D:1      | Gained mutation: You have sharp toenails. [demonic ancestry]
   325 | D:1      | Reached XP level 2. HP: 14/24 MP: 2/2
  1251 | D:2      | Gained mutation: You are partially covered in sharp spines. [demonic ancestry]
  1251 | D:2      | Reached XP level 3. HP: 21/29 MP: 3/3
  2217 | D:3      | Noticed Alarkh's ghost (amateur DsMo)
  2432 | D:3      | Found a white marble altar of Elyvilon.
  2611 | D:3      | Noticed Grinder
  2620 | D:3      | HP: 1/29 [Grinder/nerve-wracking pain (10)]
  2621 | D:3      | Slain by an adder

Vault maps used:
D:1:      dpeg_arrival_stone_temple_mockup
D:2:      first_bread
D:3:      overflow_temple_1_default, elyvilon_altar_5, uniq_grinder

Skill      XL: |  1  2  3 |
---------------+----------+-----
Long Blades    | 3 |  3.8
Dodging        | 3 |  3.1
Fighting       | |  3.3
Stealth        | |  1.7

Action                   || total
-------------------------++-------
Melee: Falchion          ||    78
       Kick              ||    20
       Dagger            ||    23
  Use: Scroll            ||     2
       Potion            ||     1
 Stab: Sleeping          ||     4
  Eat: Chunk             ||     5
Armor: Robe              ||    15
Dodge: Dodged            ||    76
       Rpst.: Falchion   ||    15
